 Dungeon Crawl Stone Soup version 0.30-a0-800-g7c544603b3 (webtiles) character file.

Game seed: 8999127463230719228

51 dialectric the Covered (level 3, -13/24 HPs)
             Began as a Gargoyle Fighter on Feb 22, 2023.
             Engulfed by a cloud of flame (14 damage)
             ... on level 2 of the Dungeon.
             The game lasted 00:01:26 (962 turns).

dialectric the Covered (Gargoyle Fighter)            Turns: 962, Time: 00:01:27

Health: -13/24     AC: 10    Str: 19    XL:     3   Next: 83%
Magic:  3/3        EV: 10    Int:  8    God:
Gold:   156        SH:  0    Dex: 11    Spells: 2/2 levels left

rFire   . . .      SeeInvis .    a - +0 flail
rCold   + . .      Faith    .    (no shield)
rNeg    + . .      Spirit   .    g - +1 ring mail {rC+}
rPois   ∞          Reflect  .    (no helmet)
rElec   +          Harm     .    (no cloak)
rCorr   .          Rampage  .    (no gloves)
Will    .....                    (no boots)
Stlth   +                        (no amulet)
HPRegen 0.24/turn                (no ring)
MPRegen 0.08/turn                (no ring)

@: no status effects
A: sickness immunity, AC +3, negative energy resistance 1, electricity
resistance, torment resistance 1, petrification resistance
a: no special abilities


You were on level 2 of the Dungeon.
You visited 1 branch of the dungeon, and saw 2 of its levels.

You collected 156 gold pieces.

Inventory:

Hand Weapons
 a - a +0 flail (weapon)
Armour
 b - a +0 scale mail
 c - a +0 buckler
 g - a +1 ring mail of cold resistance (worn)
Scrolls
 f - a scroll of vulnerability {unknown}
 j - a scroll of silence {unknown}
 k - a scroll of enchant weapon {unknown}
 m - a scroll of amnesia {unknown}
 n - a scroll of identify {unknown}
 o - a scroll of fog {unknown}
 p - a scroll of summoning {unknown}
Potions
 d - a potion of might
 e - a potion of degeneration {unknown}
 h - a potion of resistance {unknown}
 l - 2 potions of attraction {unknown}


   Skills:
 + Level 3.7 Fighting
 + Level 2.7 Maces & Flails
 * Level 3.8 Armour
 - Level 1.0 Dodging
 + Level 0.1 Stealth
 - Level 3.2 Shields


You had 2 spell levels left.
You didn't know any spells.
Your spell library contained the following spells:

 Spells                   Type           Power      Damage    Failure   Level
 Blink                    Tloc           0%         N/A       73%         2
 Lesser Beckoning         Tloc           0%         N/A       73%         2
 Momentum Strike          Conj/Tloc      0%         3d8       73%         2


Dungeon Overview and Level Annotations

Branches:
Dungeon (2/15)

Altars:
Nemelex Xobeh

Shops:
D:1 [


Innate Abilities, Weirdness & Mutations

You are immune to sickness and miasma.
Your stone body is resilient. (AC +3)
You are immune to poison.
You resist negative energy. (rN+)
You are resistant to electric shocks. (rElec)
You are resistant to unholy torment.
You are immune to petrification.


Message History

A frilled lizard comes into view.
The frilled lizard hisses angrily.
A bat comes into view.
There are monsters nearby!
Found a scroll labelled JYTAON QUCZE.
Found a stone staircase leading down.
The bat hits you but does no damage. The frilled lizard misses you.
You hit the bat.
You kill the bat!
The frilled lizard closely misses you.
You miss the frilled lizard. The frilled lizard closely misses you.
The frilled lizard bites you but does no damage.
You completely miss the frilled lizard. The frilled lizard barely misses you.
You sock the frilled lizard!
You kill the frilled lizard!
No target in view!
No target in view!
No target in view!
No target in view!
No target in view!
No target in view!
p - a scroll labelled JYTAON QUCZE A goblin comes into view.
It is wielding a +0 dagger.
The goblin shouts!
A goblin is nearby!
As you read the scroll labelled COSUBUYXKA, it crumbles to dust.
The creatures around you are filled with an inner flame!
It was a scroll of immolation.
Unknown command.
A goblin is nearby!
A goblin is nearby!
A goblin is nearby!
You barely miss the goblin. The goblin hits you but does no damage.
You sock the goblin!
The goblin explodes!
The fiery explosion engulfs you!!
Ouch! That really hurt!
* * * LOW HITPOINT WARNING * * *
You are engulfed in blazing flames.
Ouch! That really hurt!
You die...

## ####. ..#######§.....
#.#....@§§# #.#.###§### ##
#.#.###.# .
#.#...#.########
#.#...#..........####'
#.#>.####.##..........
#.........##.......... #
.######.########..........
# ........# #.........# #


There were no monsters in sight!

Vanquished Creatures
  A gnoll (D:1)
  A worm (D:2)
  2 ball pythons
  2 bats
  5 endoplasms
  2 giant cockroaches (D:1)
  5 goblins
  A hobgoblin (D:2)
  4 jackals (D:1)
  3 quokkas (D:2)
  4 frilled lizards
  5 kobolds
  A rat (D:1)
36 creatures vanquished.

Notes
Turn   | Place    | Note
-------+----------+-------------------------------------------
     0 | D:1      | dialectric the Gargoyle Fighter began the quest for the
                  | Orb.
     0 | D:1      | Reached XP level 1. HP: 14/14 MP: 1/1
   161 | D:1      | Reached XP level 2. HP: 19/19 MP: 2/2
   319 | D:1      | Reached XP level 3. HP: 21/24 MP: 3/3
   363 | D:1      | Found a faded altar of an unknown god.
   416 | D:1      | Reached skill level 1 in Dodging
   429 | D:1      | Found Vacit's Antique Armour Shoppe.
   501 | D:1      | You fall into a shaft and drop 1 floor!
   501 | D:2      | Found a sparkling altar of Nemelex Xobeh.
   962 | D:2      | HP: 1/24 [spore (23)]
   962 | D:2      | Engulfed by a cloud of flame

Illustrated notes

Levels and vault maps discovered:
D:1:      dpeg_arrival_radiant, layout_rooms,
          dreamdust_ecumenical_altar_statues, serial_shops, shop,
          hangedman_glass_teeth
D:2:      layout_basic, basic_altar

Skill      XL: |  1  2  3 |
---------------+----------+-----
Dodging        | 1 |  1.0
Fighting       | |  3.7
Maces & Flails | |  2.7
Armour         | |  3.8
Stealth        | |  0.1
Shields        | |  3.2

Action                     || total
---------------------------++-------
  Melee: Flail             ||   105
    Use: Scroll            ||     1
   Stab: Distracted        ||     1
 Armour: Ring mail         ||    48
  Dodge: Dodged            ||    80

Table legend: (Time is in decaauts)
 A = Elapsed time spent in this place.
 B = Non-inter-level travel time spent in this place.
 C = Inter-level travel time spent in this place.
 D = Time resting spent in this place.
 E = Time spent auto-exploring this place.
 F = Levels seen in this place.
 G = Mean time per level.
                   A        B        C        D        E       F      G
               +--------+--------+--------+--------+--------+-----+--------+
         Total |    991 |    981 |     10 |      0 |    711 |   2 |  495.5 |
       Dungeon |    991 |    981 |     10 |      0 |    711 |   2 |  495.5 |
               +--------+--------+--------+--------+--------+-----+--------+

Top non-repeatable levels by time:
     D:1: 516 daAuts
     D:2: 474 daAuts
